 Dungeon Crawl Stone Soup version 0.24-a0-201-gf205589 (webtiles) character file.

Game seed: 17436932514315297917

762031 tilp the Gnoll Aeon (level 27, -14/222 HPs)
             Began as a Gnoll Skald on Mar 22, 2019.
             Was the Champion of Cheibriados.
             Killed by miscasting Borgnjor's Revivification (17 damage)
             ... in the Vestibule of Hell on Mar 23, 2019.
             The game lasted 06:34:02 (68450 turns).

tilp the Gnoll Aeon (Gnoll Skald)                  Turns: 68450, Time: 06:34:02

Health: -14/222    AC: 43    Str: 34    XL:     27
Magic:  9/46       EV: 45    Int: 47    God:    Cheibriados [******]
Gold:   4898       SH:  0    Dex: 35    Spells: 1/65 levels left

rFire    + + .     SeeInvis +   b - +7 great mace (holy)
rCold    + . .     Gourm    .   (shield currently unavailable)
rNeg     + + .     Faith    .   l - +9 plate armour "Zacwumub" {rElec}
rPois    +         Spirit   .   (helmet restricted)
rElec    +         Reflect  .   m - +5 cloak "Rioseke" {rC+}
rCorr    .         Harm     .   n - +1 pair of gloves of Tenacity {rF+ Str+5}
MR       ++...                  s - +2 pair of boots {Stlth+}
Stlth    +++++.....             G - amulet "Ydghurr" {Acrobat rPois rN++ Int+2 Dex+3}
HPRegen  1.47/turn              h - ring of Maderph {rF+ Dex+2 SInv}
MPRegen  0.30/turn              W - +4 ring of intelligence

@: acrobat, very slightly contaminated, regenerating, deflect missiles, very
slow
A: distributed training, fangs 1, horns 1, iridescent scales 1, blink, dopey 1,
strong nose
}: 5/15 runes: barnacled, slimy, silver, abyssal, gossamer
a: Blink, Bend Time, Temporal Distortion, Slouch, Step From Time, Renounce
Religion


You were in the Vestibule of Hell.
You worshipped Cheibriados.
Cheibriados was exalted by your worship.
You were very hungry.

You visited 13 branches of the dungeon, and saw 59 of its levels.
You visited the Abyss 3 times.
You also visited: Ossuary, Volcano and Wizlab.

You collected 8204 gold pieces.
You spent 3306 gold pieces at shops.

Inventory:

Hand Weapons
 a - a +9 demon trident of draining
 b - a +7 great mace of holy wrath (weapon)
Missiles
 z - 22 javelins of returning (quivered)
 A - 15 throwing nets
Armour
 l - the +9 plate armour "Zacwumub" (worn) {rElec}
   (You acquired it on level 3 of the Lair of Beasts)

   It insulates you from electricity.
 m - the +5 cloak "Rioseke" (worn) {rC+}
   (You found it on level 2 of the Depths)

   It protects you from cold.
 n - the +1 pair of gloves of Tenacity (worn) {rF+ Str+5}
   (You found it on level 4 of the Vaults)

   It affects your strength (+5).
   It protects you from fire.
 s - a +2 pair of boots of stealth (worn)
 C - the +0 shield of Luffetuo {Dex+3}
   (You found it on level 3 of the Vaults)

   It affects your dexterity (+3).
 Q - the +0 large shield of Xaudin {rElec rC+}
   (You took it off Louise on level 1 of the Spider Nest)

   It protects you from cold.
   It insulates you from electricity.
 U - +0 gold dragon scales
 X - a +2 helmet
Jewellery
 c - the ring of Xom's Recklessness {*Slow rC- rN+ Int+8 SInv}
   (You found it on level 3 of the Crypt)

   [ring of positive energy]

   It affects your intelligence (+8).
   It makes you vulnerable to cold.
   It protects you from negative energy.
   It lets you see invisible.
   It may slow you when you take damage.
 h - the ring of Maderph (left hand) {rF+ Dex+2 SInv}
   (You took it off a deep elf archer on level 3 of the Elven Halls)

   [ring of protection from fire]

   It affects your dexterity (+2).
   It protects you from fire.
   It lets you see invisible.
 E - an uncursed ring of protection from magic
 F - the amulet "Mydwe" {rC++ Regen+}
   (You found it on level 3 of the Elven Halls)

   [amulet of regeneration]

   It greatly protects you from cold.
   It increases your rate of regeneration.
 G - the amulet "Ydghurr" (around neck) {Acrobat rPois rN++ Int+2 Dex+3}
   (You found it on level 1 of the Lair of Beasts)

   [amulet of the acrobat]

   It helps you evade while moving and waiting.
   It affects your intelligence (+2).
   It affects your dexterity (+3).
   It protects you from poison.
   It greatly protects you from negative energy.
 R - the ring of Robustness {AC+8}
   (You found it on level 2 of the Depths)

   [ring of protection]

   It affects your AC (+8).
 S - an uncursed ring of resist corrosion
 W - a +4 ring of intelligence (right hand)
Wands
 y - a wand of scattershot (1)
 K - a wand of paralysis (12)
 V - a wand of digging (9)
 Z - a wand of acid (24)
Scrolls
 f - 2 scrolls of magic mapping
 j - 42 scrolls of remove curse
 k - 2 scrolls of silence
 q - 7 scrolls of fog
 t - 34 scrolls of teleportation
 w - 15 scrolls of identify
 x - 14 scrolls of amnesia
 D - a scroll of holy word
 I - 6 scrolls of fear
 P - 7 scrolls of blinking
 Y - 8 scrolls of enchant armour
Potions
 e - 9 potions of might
 g - 6 potions of flight
 i - 7 potions of agility
 o - 3 potions of cancellation
 p - 13 potions of curing
 r - 11 potions of mutation
 v - 10 potions of ambrosia
 B - 7 potions of heal wounds
 J - 3 potions of brilliance
 M - 3 potions of magic
 O - 5 potions of resistance
 T - 4 potions of invisibility
Miscellaneous
 u - a lamp of fire
 H - a fan of gales
 L - 2 boxes of beasts
Comestibles
 d - 94 rations


   Skills:
 + Level 19.4 Fighting
 + Level 19.0 Short Blades
 + Level 19.0 Long Blades
 + Level 19.0 Axes
 + Level 19.0 Maces & Flails
 + Level 19.4 Polearms
 + Level 19.0 Staves
 + Level 19.0 Slings
 + Level 19.0 Bows
 + Level 19.0 Crossbows
 + Level 19.3 Throwing
 + Level 19.2 Armour
 + Level 19.4 Dodging
 + Level 19.0 Stealth
 + Level 19.0 Shields
 + Level 19.0 Unarmed Combat
 + Level 19.5 Spellcasting
 + Level 16.4 Conjurations
 + Level 16.4 Hexes
 + Level 17.1 Charms
 + Level 16.4 Summonings
 + Level 16.4 Necromancy
 + Level 16.4 Translocations
 + Level 16.4 Transmutations
 + Level 16.4 Fire Magic
 + Level 16.4 Ice Magic
 + Level 16.4 Air Magic
 + Level 16.4 Earth Magic
 + Level 16.4 Poison Magic
 + Level 20.4 Invocations
 + Level 19.0 Evocations


You had one spell level left.
You knew the following spells:

 Your Spells              Type           Power        Failure   Level  Hunger
a - Infusion              Chrm           ####         0%          1    None
b - Song of Slaying       Chrm           ########     0%          2    None
c - Shroud of Golubria    Chrm/Tloc      ########..   0%          2    None
d - Regeneration          Chrm/Necr      ########..   0%          3    None
e - Spectral Weapon       Hex/Chrm       ########     0%          3    None
f - Animate Skeleton      Necr           N/A          0%          1    None
g - Apportation           Tloc           ######       0%          1    None
h - Borgnjor's Revivific  Necr           ########..   12%         8    None
i - Lightning Bolt        Conj/Air       ########..   1%          5    None
j - Summon Butterflies    Summ           ########     0%          1    None
k - Summon Lightning Spi  Summ/Air       ########     1%          4    None
l - Borgnjor's Vile Clut  Necr/Erth      ########..   1%          5    None
m - Statue Form           Tmut/Erth      ########.    1%          6    None
o - Lee's Rapid Deconstr  Erth           ########..   1%          5    None
p - Silence               Hex/Air        ########..   1%          5    None
q - Deflect Missiles      Chrm/Air       ########..   1%          6    None
r - Freezing Cloud        Conj/Ice/Air   ########..   1%          6    None

Your spell library contained the following spells:

 Spells                   Type           Power        Failure   Level  Hunger
 Beastly Appendage        Tmut           ######       0%          1    None
 Confusing Touch          Hex            ######       0%          1    None
 Freeze                   Ice            ####         0%          1    None
 Magic Dart               Conj           ####         0%          1    None
 Shock                    Conj/Air       ####         0%          1    None
 Summon Small Mammal      Summ           ####         0%          1    None
 Call Imp                 Summ           ########     0%          2    None
 Ensorcelled Hibernation  Hex/Ice        ######       0%          2    None
 Passwall                 Tmut/Erth      ########     0%          2    None
 Poisonous Vapours        Pois/Air       ######       0%          2    None
 Searing Ray              Conj           ######       0%          2    None
 Sticks to Snakes         Tmut           ########     0%          2    None
 Swiftness                Chrm/Air       ########     0%          2    None
 Throw Frost              Conj/Ice       ######       0%          2    None
 Call Canine Familiar     Summ           ########     0%          3    None
 Conjure Flame            Conj/Fire      ########     0%          3    None
 Dazzling Spray           Conj/Hex       ######       0%          3    None
 Ignite Poison            Fire/Tmut/Pois ########     0%          3    None
 Lesser Beckoning         Tloc           ########..   0%          3    None
 Mephitic Cloud           Conj/Pois/Air  ########     0%          3    None
 Ozocubu's Armour         Chrm/Ice       ########     0%          3    None
 Recall                   Summ/Tloc      N/A          0%          3    None
 Spider Form              Tmut/Pois      ########..   0%          3    None
 Static Discharge         Conj/Air       ########     0%          3    None
 Summon Guardian Golem    Hex/Summ       ########     0%          3    None
 Tukima's Dance           Hex            ########     0%          3    None
 Vampiric Draining        Necr           ########..   0%          3    None
 Airstrike                Air            ########..   1%          4    None
 Animate Dead             Necr           N/A          1%          4    None
 Cause Fear               Hex            ########..   1%          4    None
 Force Lance              Conj/Tloc      ########     1%          4    None
 Fulminant Prism          Conj/Hex       ########..   1%          4    None
 Ice Form                 Ice/Tmut       ########     1%          4    None
 Iskenderun's Mystic Bla  Conj           ########     1%          4    None
 Passage of Golubria      Tloc           N/A          1%          4    None
 Summon Ice Beast         Ice/Summ       ########     1%          4    None
 Throw Icicle             Conj/Ice       ########     1%          4    None
 Alistair's Intoxication  Tmut/Pois      ########     1%          5    None
 Blade Hands              Tmut           ########..   1%          5    None
 Irradiate                Conj/Tmut      ########..   1%          5    None
 Summon Forest            Summ/Tloc      ########..   1%          5    None
 Summon Mana Viper        Hex/Summ       ########     1%          5    None
 Yara's Violent Unravell  Hex/Tmut       ########..   1%          5    None
 Darkness                 Hex            ########..   1%          6    None
 Death Channel            Necr           ########..   1%          6    None
 Hydra Form               Tmut           ########..   1%          6    None
 Invisibility             Hex            ########     1%          6    None
 Shadow Creatures         Summ           N/A          1%          6    None
 Simulacrum               Ice/Necr       ########..   1%          6    None
 Dragon Form              Tmut           ########..   1%          7    None
 Haunt                    Necr/Summ      ########..   1%          7    None
 Malign Gateway           Summ/Tloc      ########..   1%          7    None
 Monstrous Menagerie      Summ           ########..   1%          7    None
 Ring of Flames           Chrm/Fire      ########..   1%          7    None
 Summon Greater Demon     Summ           ########..   1%          7    None
 Summon Hydra             Summ           ########..   1%          7    None
 Death's Door             Chrm/Necr      ########..   10%         8    None
 Discord                  Hex            ########..   12%         8    None
 Ignition                 Fire           ########..   12%         8    None
 Infestation              Necr           ########..   12%         8    None
 Necromutation            Tmut/Necr      ########..   12%         8    None
 Summon Horrible Things   Summ           ########..   12%         8    None
 Dragon's Call            Summ           ########..   87%         9    ###....
 Shatter                  Erth           ########..   87%         9    ###....
 Tornado                  Air            ########..   87%         9    ###....


Dungeon Overview and Level Annotations

Branches:
Dungeon (15/15)            Temple (1/1) D:7            Lair (6/6) D:9
 Shoals (4/4) Lair:3       Spider (4/4) Lair:2        Slime (5/5) Lair:5
    Orc (2/2) D:11            Elf (3/3) Orc:2        Vaults (5/5) D:14
  Crypt (3/3) Vaults:2       Tomb (0/3) Crypt:3      Depths (5/5) D:15
   Hell (1/1)                 Zot (5/5) Depths:5
    Dis: Hell:1         Geh: Hell:1         Coc: Hell:1         Tar: Hell:1

Altars:
Ashenzari
Cheibriados
Dithmenos
Elyvilon
Fedhas
Gozag
Hepliaklqana
Kikubaaqudgha
Makhleb
Nemelex Xobeh
Okawaru
Qazlal
Ru
Sif Muna
Trog
Uskayaw
Vehumet
Wu Jian
Xom
Yredelemnul
Zin
The Shining One
Beogh
Jiyva

Shops:
D:6 (   Orc:1 [   Orc:2 **([[   Vaults:1 [[   Vaults:5 =*!=   Depths:1 [
Depths:4 (

Portals:
Hell: Depths:1 Depths:2 Depths:3 Depths:4 Depths:5
Abyss: Depths:2 Depths:4 Depths:5
Pandemonium: Depths:1 Depths:2 Depths:3 Depths:4
Ziggurat: Depths:4

Annotations:
Spider:4 1 runed translucent door, asdu's ghost, adept OgHu
Hell Geryon
Zot:4 3 runed translucent doors, Axiujuom's ghost, master SpCK; Gatz's ghost, legendary NaBe; Giripsow's ghost, master MiBe; Wapis's ghost, legendary GnAs; prestonbroadus's ghost, legendary DgWn
Zot:5 1 exclusion


Innate Abilities, Weirdness & Mutations

Your experience applies equally to all skills.
You have very sharp teeth.
Your uncanny sense of smell can sniff out nearby items.
You have a pair of small horns on your head.
You are partially covered in iridescent scales. (AC +2)
You can translocate small distances at will.
You are dopey. (Int -2)


Message History

You hold your ground!
Geryon is engulfed in freezing vapours.
Geryon winds a great silver horn.
The hell beast bites you!
* * * LOW HITPOINT WARNING * * *
The hell beast closely misses you. The red devil completely misses you.
The hell beast is engulfed in freezing vapours.
The hell beast bites you but does no damage.
The hell beast tramples you.
* * * LOW HITPOINT WARNING * * *
You hold your ground!
The hell beast completely misses you. x2
The hell beast is engulfed in freezing vapours.
There is a gateway back into the Dungeon, spattered with blood here.
Unknown command.
Unknown command.
Casting: Borgnjor's Vile Clutch (safe; 1% risk of failure)
Confirm with . or Enter, or press ? or * to list all spells.
You miscast Borgnjor's Revivification.
You are very lightly contaminated with residual magic.
Pain shoots through your body!
You die...

...............
................
................
......§.........
...§#§....#.^...
...§§§...§§§....
...§§§.†.§§.....
.......22&§§....
.#.....@22§§.#..
......†22§§2....
........§4§.§...
................
....#.....#.....
................
................
................
.............


You could see Geryon, 7 hell beasts and a red devil.

Vanquished Creatures
  the Royal Jelly (Slime:5)
  Dissolution (Slime:3)
  3 ancient liches
  Sojobo (Depths:1)
  Frederick (Crypt:2)
  Saint Roka (Vaults:5)
  A Killer Klown (Zot:2)
  Margery (Vaults:5)
  3 curse toes
  Xtahua (Depths:3)
  Nikola (Spider:1)
  10 golden dragons
  A profane servitor (Abyss:3)
  3 bone dragons
  9 liches
  An electric golem (Zot:1)
  18 tentacled monstrosities
  Rupert (Spider:1)
  10 titans
  22 acid blobs
  A deep elf blademaster (Elf:3)
  4 quicksilver dragons
  Murray (Depths:4)
  5 tentacled starspawn (Abyss:3)
  10 death cobs
  3 deep elf master archers (Elf:3)
  Agnes (Spider:1)
  A kraken (Abyss:3)
  Frances (Shoals:1)
  3 sphinxes
  8 ancient champions
  14 storm dragons
  The ghost of Nafrigg the Devastator, an adept DrCj of Ashenzari (Lair:4)
  10 tengu reavers
  7 shadow dragons
  5 draconian monks
  4 revenants
  11 azure jellies
  3 draconian knights
  Ilsuiw (Shoals:2)
  Aizul (Depths:1)
  An orc warlord (Orc:2)
  A cacodemon (Abyss:3)
  11 fire giants
  8 emperor scorpions
  8 deep elf sorcerers
  14 vault wardens
  3 draconian scorchers
  4 ghost moths
  3 curse skulls
  4 draconian shifters
  Louise (Spider:1)
  A caustic shrike zombie (Crypt:1)
  The ghost of Ratty the Fencer, a journeyman MiMo of Okawaru (D:12)
  11 frost giants
  An iron dragon (Depths:2)
  3 balrugs
  6 deep elf elementalists
  3 war gargoyles
  The ghost of Gorice the Tortoise, a journeyman GrWn of the Shining One (Orc:2)
  10 ghouls
  2 draconian stormcallers
  4 spriggan defenders
  23 stone giants
  A stone giant (shapeshifter) (Vaults:5)
  2 caustic shrike skeletons (Crypt:3)
  2 reapers
  20 ironheart preservers
  25 very ugly things
  10 draconian annihilators
  9 vampire knights
  6 entropy weavers
  3 green draconians
  11 red draconians
  10 deep elf demonologists
  A minotaur (Lair:1)
  Azrael (D:14)
  12 deep elf annihilators
  13 white draconians
  4 dire elephants (Lair:6)
  7 merfolk javelineers
  11 spark wasps
  An orange crystal statue (WizLab)
  8 black draconians
  9 purple draconians
  5 yellow draconians
  2 ettins (shapeshifter)
  9 eidola
  13 deep elf death magi
  18 ettins
  7 death oozes (Slime:5)
  7 merfolk impalers
  A crystal guardian (Vaults:4)
  A green death (Depths:1)
  8 fire dragons
  18 small abominations
  Harold (Lair:1)
  The ghost of Caxzued the Thaumaturge, a journeyman OpTm of Gozag (Lair:1)
  8 deep elf high priests
  26 yaktaur captains
  10 jiangshi
  8 great orbs of eyes
  14 ogre magi
  A quicksilver dragon skeleton (Crypt:3)
  27 vault guards
  8 hydras
  8 ice dragons
  An anaconda (Lair:6)
  4 spriggan air magi
  A merfolk aquamancer (Shoals:4)
  A ghost crab (Abyss:3)
  6 death knights
  4 rakshasas
  54 two-headed ogres
  10 centaur warriors
  A shambling mangrove (Abyss:3)
  A merfolk avatar (Shoals:1)
  3 death yaks (Depths:3)
  29 dancing weapons
  An alligator (shapeshifter) (Depths:1)
  2 satyrs
  8 deep troll earth magi
  An alligator snapping turtle (Shoals:3)
  2 tengu warriors
  A queen ant (shapeshifter) (Vaults:4)
  8 deep troll shamans
  4 hell hogs
  3 orc high priests
  4 vampire magi
  3 thrashing horrors
  4 spriggan berserkers
  3 spriggans
  6 sun demons
  4 soul eaters
  9 hell knights
  7 titan skeletons
  Nergalle (Lair:3)
  24 deep elf knights
  A fire crab (shapeshifter) (Vaults:4)
  A spatial maelstrom (Abyss:1)
  34 skeletal warriors
  4 wretched stars
  A fire crab (Abyss:3)
  A sixfirhy (Abyss:3)
  11 shadow wraiths
  4 storm dragon skeletons
  A salamander mystic (Volcano)
  4 iron trolls (Depths:3)
  A golden dragon zombie (Crypt:3)
  6 unseen horrors
  6 glowing orange brains
  11 sea snakes
  7 flayed ghosts
  27 deep trolls
  21 ironbrand convokers
  5 wizards
  15 phantasmal warriors
  23 harpies
  37 wolf spiders
  8 manticores
  10 necromancers
  13 deep elf archers
  12 orc knights
  2 harpies (shapeshifter) (Vaults:2)
  A shadow dragon skeleton (Crypt:3)
  A tengu zombie (Vaults:4)
  67 deep elf magi
  13 orb spiders
  5 shining eyes
  An iron dragon skeleton (Crypt:3)
  51 ugly things
  2 orc sorcerers
  4 salamanders (Volcano)
  A fire giant zombie (Crypt:2)
  12 cyclopes
  23 fauns
  25 moths of wrath
  2 frost giant zombies
  A tengu skeleton (D:15)
  A stone giant skeleton (Vaults:4)
  A frost giant skeleton (Crypt:2)
  13 elephants
  4 black mambas
  A shock serpent zombie (Crypt:1)
  2 smoke demons (Abyss:2)
  6 water nymphs
  A black mamba (shapeshifter) (Abyss:3)
  3 apocalypse crabs (Abyss:3)
  8 merfolk sirens
  A rust devil (Abyss:2)
  A water nymph (shapeshifter) (Depths:1)
  2 molten gargoyles (Volcano)
  3 eyes of devastation
  2 torpor snails
  The ghost of Inarius the Chopper, a novice DsMo (D:4)
  2 orange demons
  2 gargoyles (D:14)
  8 spiny frogs
  A dire elephant skeleton (Crypt:3)
  12 vault sentinels
  A purple draconian zombie (Crypt:2)
  2 kobold demonologists
  A shock serpent skeleton (Crypt:3)
  10 komodo dragons
  A minotaur skeleton (Crypt:3)
  2 rime drakes (shapeshifter)
  5 guardian mummies (Crypt:3)
  61 yaktaurs
  An ice devil (Depths:4)
  2 green draconian zombies
  3 rime drakes
  10 demonic crawlers
  A purple draconian skeleton (Crypt:1)
  A silent spectre (Abyss:2)
  A death yak skeleton (Crypt:3)
  8 freezing wraiths
  2 red devils
  5 tengu conjurers
  A death drake zombie (Crypt:2)
  6 ancient zymes
  10 trolls
  9 wind drakes
  A harpy zombie (D:14)
  2 shadow dragon simulacra
  11 hornets
  A hornet (shapeshifter) (Vaults:2)
  A wind drake (shapeshifter) (Depths:2)
  A polar bear (shapeshifter) (Vaults:2)
  28 jumping spiders
  3 polar bears (D:13)
  5 bog bodies
  Prince Ribbit (D:7)
  7 blink frogs (Lair:6)
  35 merfolk
  A tarantella zombie (Crypt:2)
  A hippogriff (shapeshifter) (Vaults:3)
  16 snapping turtles
  9 raiju
  A fire giant simulacrum (Depths:4)
  A deep troll zombie (D:15)
  2 ice dragon zombies
  123 slime creatures
  7 dream sheep
  8 hippogriffs
  5 flying skulls
  A stone giant simulacrum (Vaults:3)
  An alligator skeleton (Crypt:3)
  3 air elementals
  4 centaur simulacra
  62 redbacks
  An ice dragon skeleton (Crypt:3)
  A spriggan (shapeshifter) (Depths:2)
  Sigmund (D:3)
  34 tarantellas
  A tarantella (shapeshifter) (Vaults:1)
  3 shadows
  2 ynoxinuls (Abyss:3)
  2 ettin skeletons (Crypt:3)
  5 wyverns
  A fire dragon skeleton (Crypt:3)
  7 wraiths
  A vampire (Abyss:3)
  16 large abominations
  A black mamba skeleton (Crypt:3)
  An elf zombie (Depths:4)
  2 fire bats (Volcano)
  15 water elementals
  Eustachio (D:5)
  44 yaks
  A yak (shapeshifter) (Depths:2)
  A golden eye (shapeshifter) (Elf:2)
  2 basilisks
  7 fire elementals
  2 hungry ghosts
  11 golden eyes
  A steam dragon (D:14)
  13 vampire mosquitoes
  A human simulacrum (Vaults:3)
  7 chaos spawn
  2 spatial vortices
  An insubstantial wisp (Depths:1)
  9 hell hounds
  A soldier ant (shapeshifter) (Depths:1)
  An acid dragon (D:12)
  5 wargs
  Menkaure (D:7)
  A water moccasin (shapeshifter) (Vaults:4)
  13 water moccasins
  A hydra simulacrum (Abyss:3)
  2 floating eyes
  A two-headed ogre skeleton (Crypt:1)
  Duvessa (D:5)
  A water nymph skeleton (Crypt:2)
  7 porcupines
  A spiny frog skeleton (Crypt:3)
  A hornet zombie (D:6)
  An alligator simulacrum (Crypt:1)
  6 sky beasts
  53 orc warriors
  22 starcursed masses (Abyss:3)
  8 eyes of draining
  A swamp dragon zombie (Crypt:1)
  6 ice beasts
  3 phantoms
  An ettin simulacrum (Crypt:1)
  12 boggarts
  48 ogres
  5 necrophages
  14 centaurs
  43 wolves
  A hog zombie (Crypt:3)
  2 snapping turtle skeletons
  8 crocodiles
  2 crocodiles (shapeshifter)
  A swamp dragon skeleton (Crypt:3)
  A big kobold (D:8)
  2 earth elementals
  17 bullfrogs
  Dowan (D:5)
  An elf skeleton (Crypt:1)
  2 wyvern skeletons
  13 scorpions
  A yak zombie (Crypt:3)
  3 killer bees (D:7)
  A raiju skeleton (Crypt:3)
  3 electric eels
  22 wights
  2 howler monkeys
  A spriggan skeleton (Crypt:1)
  7 crimson imps
  8 lava snakes (Volcano)
  2 centaur zombies (Ossuary)
  2 bullfrog zombies
  7 hounds
  A quasit (Abyss:3)
  3 human zombies
  23 orc priests
  A basilisk zombie (Crypt:1)
  A gnoll shaman (D:6)
  An iron imp (Abyss:2)
  31 jellies
  A bullfrog skeleton (D:12)
  8 centaur skeletons
  A human skeleton (Crypt:3)
  Terence (D:2)
  9 iguanas
  39 orc wizards
  Natasha (thrice) (D:3)
  A hell rat (Depths:1)
  8 worker ants
  A felid skeleton (Crypt:1)
  10 mummies
  A hound skeleton (D:5)
  A worker ant zombie (D:8)
  Robin (D:4)
  10 gnolls
  3 scorpion zombies (Ossuary)
  17 adders
  4 shadow imps
  3 white imps
  11 oozes
  3 ufetubi
  A worm zombie (Crypt:1)
  2 adder skeletons
  A worm (D:3)
  2 dart slugs
  5 leopard geckos
  122 orcs
  8 bats
  8 giant cockroaches
  2 gnoll zombies (Ossuary)
  22 goblins
  9 hobgoblins
  7 jackals
  22 kobolds
  2 quokkas
  2 ball pythons
  2 ball python zombies
  3 frilled lizards
  A goblin zombie (Ossuary)
  A hobgoblin zombie (Ossuary)
  A jackal skeleton (D:5)
  2 kobold zombies (Ossuary)
  A leopard gecko skeleton (D:5)
  2 orc zombies (Ossuary)
  A quokka skeleton (D:7)
  7 rats
  A river rat skeleton (Crypt:2)
  A crawling corpse (Vaults:2)
  A fungus (Lair:3)
  7 plants
  2 spectral weapons
  3 starspawn tentacles (Abyss:3)
  2 withered plants (D:15)
2937 creatures vanquished.

Vanquished Creatures (collateral kills)
  Jorgrun (D:13)
  A hell knight (Vaults:5)
  An apocalypse crab (Abyss:3)
  A merfolk siren (Shoals:2)
  A jumping spider (Spider:1)
  A merfolk (Shoals:4)
  A slime creature (Slime:3)
  6 dream sheep
  2 tarantellas (Spider:1)
  A basilisk (D:12)
  A water moccasin (Lair:6)
  An orc warrior (D:12)
  An ogre (D:12)
  2 killer bees (D:7)
  An orc priest (D:12)
  An orc (D:12)
23 creatures vanquished.

Vanquished Creatures (others)
  A fire giant (Depths:2)
  A deep elf annihilator (Elf:3)
  An ogre mage (Vaults:2)
  A thrashing horror (Abyss:2)
  A shadow wraith (Vaults:4)
  A deep troll (Depths:3)
  A wolf spider (Spider:1)
  2 jumping spiders
  A redback (Spider:1)
  2 tarantellas
  11 fungi
  12 plants
  84 spectral weapons
  10 starspawn tentacles (Abyss:3)
129 creatures vanquished.

Grand Total: 3089 creatures vanquished

Notes
Turn   | Place    | Note
-------+----------+-------------------------------------------
     0 | D:1      | tilp the Gnoll Skald began the quest for the Orb.
     0 | D:1      | Reached XP level 1. HP: 20/20 MP: 6/6
   104 | D:1      | Reached XP level 2. HP: 26/26 MP: 7/7
   108 | D:1      | Learned a level 2 spell: Song of Slaying
   111 | D:1      | Learned a level 2 spell: Shroud of Golubria
   353 | D:1      | Reached XP level 3. HP: 28/31 MP: 6/9
   358 | D:1      | Learned a level 3 spell: Regeneration
   362 | D:1      | Learned a level 3 spell: Spectral Weapon
   388 | D:1      | Reached skill level 5 in Spellcasting
   571 | D:1      | Found a shattered altar of Ashenzari.
   979 | D:2      | Noticed Terence
   986 | D:2      | Reached skill level 1 in Invocations
   990 | D:2      | Killed Terence
   990 | D:2      | Reached skill level 1 in Short Blades
   990 | D:2      | Reached skill level 1 in Long Blades
   990 | D:2      | Reached skill level 1 in Axes
   990 | D:2      | Reached skill level 1 in Maces & Flails
   990 | D:2      | Reached skill level 1 in Staves
   990 | D:2      | Reached skill level 1 in Slings
   990 | D:2      | Reached skill level 1 in Bows
   990 | D:2      | Reached skill level 1 in Crossbows
   990 | D:2      | Reached skill level 1 in Throwing
   990 | D:2      | Reached skill level 1 in Stealth
   990 | D:2      | Reached skill level 1 in Shields
   990 | D:2      | Reached skill level 1 in Unarmed Combat
   990 | D:2      | Reached skill level 1 in Evocations
   990 | D:2      | Reached XP level 4. HP: 37/38 MP: 0/11
  1079 | D:2      | Reached skill level 1 in Conjurations
  1079 | D:2      | Reached skill level 1 in Hexes
  1079 | D:2      | Reached skill level 1 in Summonings
  1079 | D:2      | Reached skill level 1 in Necromancy
  1079 | D:2      | Reached skill level 1 in Translocations
  1079 | D:2      | Reached skill level 1 in Transmutations
  1079 | D:2      | Reached skill level 1 in Fire Magic
  1079 | D:2      | Reached skill level 1 in Ice Magic
  1079 | D:2      | Reached skill level 1 in Air Magic
  1079 | D:2      | Reached skill level 1 in Earth Magic
  1079 | D:2      | Reached skill level 1 in Poison Magic
  1268 | D:2      | Reached XP level 5. HP: 43/43 MP: 1/12
  1438 | D:2      | Noticed a phantom
  1453 | D:2      | Killed a phantom
  1453 | D:2      | Reached XP level 6. HP: 43/50 MP: 0/13
  1561 | D:2      | Reached skill level 2 in Invocations
  1683 | D:2      | Found a glowing silver altar of Zin.
  1851 | D:3      | Noticed Natasha
  1859 | D:3      | Killed Natasha
  1893 | D:3      | Noticed Natasha
  1906 | D:3      | Killed Natasha
  1912 | D:3      | Noticed Sigmund
  1970 | D:3      | Killed Sigmund
  1970 | D:3      | Reached skill level 5 in Fighting
  1970 | D:3      | Reached skill level 5 in Polearms
  1970 | D:3      | Reached skill level 5 in Dodging
  1970 | D:3      | Reached XP level 7. HP: 56/56 MP: 2/15
  2133 | D:3      | Noticed Natasha
  2144 | D:3      | Killed Natasha
  2153 | D:3      | You fall through a shaft for 2 floors!
  2153 | D:5      | Entered Level 5 of the Dungeon
  2154 | D:5      | Noticed Duvessa
  2154 | D:5      | Noticed Dowan
  2172 | D:5      | Killed Duvessa
  2178 | D:5      | Killed Dowan
  2239 | D:5      | Reached skill level 3 in Invocations
  2261 | D:5      | Got a crystal falchion
  2262 | D:5      | Identified the cursed +2 falchion "Qamomno" {slice, Str+4}
                  | (You found it on level 5 of the Dungeon)
  2360 | D:4      | Noticed a hippogriff
  2370 | D:4      | Killed a hippogriff
  2370 | D:4      | Reached XP level 8. HP: 51/63 MP: 6/16
  2410 | D:4      | Noticed Inarius's ghost (novice DsMo)
  2835 | D:4      | Found a transporter.
  2838 | D:4      | Found a transporter.
  2971 | D:4      | Noticed Robin
  2979 | D:4      | Killed Robin
  3515 | D:5      | Noticed Eustachio
  3529 | D:5      | Killed Eustachio
  3901 | D:6      | Found Uplin's Weapon Boutique.
  3934 | D:6      | Reached skill level 4 in Invocations
  3940 | D:6      | Reached XP level 9. HP: 31/69 MP: 0/18
  3992 | D:6      | Found a sand-covered staircase.
  4157 | Ossuary  | Entered an ossuary
  4428 | Ossuary  | Reached skill level 5 in Armour
  5558 | D:7      | Noticed Prince Ribbit
  5571 | D:7      | Killed Prince Ribbit
  5571 | D:7      | Reached skill level 5 in Invocations
  5686 | D:7      | Noticed Menkaure
  5696 | D:7      | Killed Menkaure
  5700 | D:7      | Reached XP level 10. HP: 46/77 MP: 9/20
  5730 | D:7      | Found a staircase to the Ecumenical Temple.
  5759 | Temple   | Entered the Ecumenical Temple
  5931 | Temple   | Became a worshipper of Cheibriados the Contemplative
  6433 | D:7      | Reached * piety under Cheibriados
  6706 | D:8      | Reached skill level 5 in Short Blades
  6706 | D:8      | Reached skill level 5 in Long Blades
  6706 | D:8      | Reached skill level 5 in Axes
  6706 | D:8      | Reached skill level 5 in Maces & Flails
  6706 | D:8      | Reached skill level 5 in Staves
  6706 | D:8      | Reached skill level 5 in Slings
  6706 | D:8      | Reached skill level 5 in Bows
  6706 | D:8      | Reached skill level 5 in Crossbows
  6706 | D:8      | Reached skill level 5 in Throwing
  6706 | D:8      | Reached skill level 5 in Stealth
  6706 | D:8      | Reached skill level 5 in Shields
  6706 | D:8      | Reached skill level 5 in Unarmed Combat
  6706 | D:8      | Reached skill level 5 in Evocations
  7445 | D:8      | Learned a level 1 spell: Animate Skeleton
  7447 | D:8      | Learned a level 1 spell: Apportation
  7449 | D:8      | Learned a level 1 spell: Confusing Touch
  7454 | D:8      | Learned a level 4 spell: Airstrike
  7719 | D:9      | Noticed a two-headed ogre
  7738 | D:9      | Killed a two-headed ogre
  7753 | D:9      | Noticed a two-headed ogre
  7768 | D:9      | Killed a two-headed ogre
  7768 | D:9      | Reached skill level 6 in Invocations
  8288 | D:9      | Found a staircase to the Lair.
  8501 | D:10     | Entered Level 10 of the Dungeon
  8543 | D:10     | Reached ** piety under Cheibriados
  8896 | D:10     | Reached XP level 11. HP: 84/84 MP: 17/22
  9190 | D:10     | Got a jewelled ring mail
  9216 | D:10     | Killed an unseen horror
  9487 | D:10     | Reached *** piety under Cheibriados
  9547 | D:10     | Killed an unseen horror
  9547 | D:10     | Reached skill level 5 in Conjurations
  9547 | D:10     | Reached skill level 5 in Hexes
  9547 | D:10     | Reached skill level 5 in Summonings
  9547 | D:10     | Reached skill level 5 in Necromancy
  9547 | D:10     | Reached skill level 5 in Translocations
  9547 | D:10     | Reached skill level 5 in Transmutations
  9547 | D:10     | Reached skill level 5 in Fire Magic
  9547 | D:10     | Reached skill level 5 in Ice Magic
  9547 | D:10     | Reached skill level 5 in Air Magic
  9547 | D:10     | Reached skill level 5 in Earth Magic
  9547 | D:10     | Reached skill level 5 in Poison Magic
  9768 | D:10     | Noticed a tengu warrior
  9792 | D:11     | You fall through a shaft for 3 floors!
  9958 | D:14     | Noticed a four-headed hydra
  9961 | D:14     | Got an iridescent dagger
  9964 | D:13     | Noticed a six-headed hydra
  9989 | D:13     | Noticed a brown ugly thing
  9995 | D:13     | Noticed Jorgrun
 10136 | D:13     | Reached skill level 7 in Invocations
 10232 | D:13     | Got a wavering steel ring
 10293 | D:13     | Noticed a cyclops
 10324 | D:13     | Killed a cyclops
 10326 | D:13     | HP: 4/86 [yak (3)]
 10416 | D:13     | Reached **** piety under Cheibriados
 10447 | D:13     | Reached XP level 12. HP: 64/93 MP: 10/24
 10980 | D:12     | Found a large runed translucent door.
 11010 | D:12     | Found a large runed translucent door.
 11011 | D:12     | Noticed Ratty's ghost (journeyman MiMo)
 11251 | D:11     | Reached ***** piety under Cheibriados
 11718 | D:11     | Found a staircase to the Orcish Mines.
 11808 | D:11     | Identified the ring of Eternity {Wiz *Slow rF+++ Str+3
                  | Stlth-} (You found it on level 13 of the Dungeon)
 11809 | D:11     | Identified the cursed +1 ring mail "Reg Kuka" {rElec Int+2}
                  | (You found it on level 10 of the Dungeon)
 11810 | D:11     | Identified the +6 dagger of the Seeker {freeze, Int+4} (You
                  | found it on level 14 of the Dungeon)
 11866 | Lair:1   | Entered Level 1 of the Lair of Beasts
 11964 | Lair:1   | Reached skill level 8 in Invocations
 12386 | Lair:1   | Noticed Harold
 12399 | Lair:1   | Killed Harold
 12536 | Lair:1   | Found a runed translucent gate.
 12536 | Lair:1   | Found a runed translucent gate.
 12536 | Lair:1   | Found a runed translucent gate.
 12541 | Lair:1   | Noticed a minotaur
 12557 | Lair:1   | Noticed Caxzued's ghost (journeyman OpTm)
 12630 | Lair:2   | Noticed a five-headed hydra
 12642 | Lair:2   | Killed a five-headed hydra
 12891 | Lair:2   | Reached XP level 13. HP: 101/101 MP: 26/26
 13157 | Lair:2   | Found a hole to the Spider Nest.
 13594 | Lair:3   | Found a staircase to the Shoals.
 13637 | Lair:3   | Learned a level 1 spell: Summon Butterflies
 13901 | Lair:3   | Reached ****** piety under Cheibriados
 13917 | Lair:3   | Reached skill level 9 in Invocations
 14376 | Lair:3   | Noticed Nergalle
 14391 | Lair:3   | Killed Nergalle
 14929 | Lair:3   | Identified a scroll of acquirement
 14930 | Lair:3   | Got an encrusted plate armour
 14949 | Lair:3   | Learned a level 5 spell: Lightning Bolt
 15123 | Lair:4   | Identified the +9 plate armour "Zacwumub" {rElec} (You
                  | acquired it on level 3 of the Lair of Beasts)
 15184 | Lair:4   | Found a transporter.
 15185 | Lair:4   | Noticed Nafrigg's ghost (adept DrCj)
 15204 | Lair:4   | Found a transporter.
 15469 | Lair:4   | Got a steaming leather armour
 15650 | Lair:4   | Reached skill level 10 in Spellcasting
 16166 | Lair:5   | Identified the +0 leather armour "Xevadgh" {Slay+2} (You
                  | found it on level 4 of the Lair of Beasts)
 16217 | Lair:5   | Reached XP level 14. HP: 109/109 MP: 28/28
 16262 | Lair:5   | Found a dark tunnel.
 16281 | Volcano  | Entered a volcano
 16494 | Volcano  | Found a burning altar of Makhleb.
 16507 | Volcano  | Noticed a red draconian
 16531 | Volcano  | Killed a red draconian
 16695 | Volcano  | Reached skill level 10 in Fighting
 16695 | Volcano  | Reached skill level 10 in Polearms
 16695 | Volcano  | Reached skill level 10 in Dodging
 16808 | Lair:5   | Found a staircase to the Slime Pits.
 18064 | Lair:6   | Entered Level 6 of the Lair of Beasts
 18101 | Lair:6   | Learned a level 5 spell: Irradiate
 18331 | Lair:6   | Reached skill level 10 in Invocations
 19068 | Lair:6   | Noticed a dire elephant
 19068 | Lair:6   | Noticed a dire elephant
 19075 | Lair:6   | Killed a dire elephant
 19076 | Lair:6   | Killed a dire elephant
 19096 | Lair:6   | Learned a level 5 spell: Borgnjor's Vile Clutch
 19160 | Lair:6   | Noticed a dire elephant
 19183 | Lair:6   | Killed a dire elephant
 19278 | Lair:6   | Noticed a dire elephant
 19299 | Lair:6   | Killed a dire elephant
 19638 | D:4      | Killed Inarius's ghost
 19923 | Orc:1    | Entered Level 1 of the Orcish Mines
 19947 | Orc:1    | Found Nearhaill's Armour Emporium.
 20248 | Orc:1    | You fall through a shaft!
 20248 | Orc:2    | Entered Level 2 of the Orcish Mines
 20278 | Orc:2    | Found a large runed translucent door.
 20278 | Orc:2    | Found a large runed translucent door.
 20346 | Orc:2    | Found a roughly hewn altar of Beogh.
 20727 | Orc:2    | Found a roughly hewn altar of Beogh.
 20762 | Orc:2    | Found a roughly hewn altar of Beogh.
 20833 | Orc:2    | Reached XP level 15. HP: 61/117 MP: 29/29
 20958 | Orc:2    | Found a roughly hewn altar of Beogh.
 20958 | Orc:2    | Found Wugis's General Store.
 21170 | Orc:2    | Found a roughly hewn altar of Beogh.
 21171 | Orc:2    | Found Tugro's General Store.
 21270 | Orc:2    | Found a staircase to the Elven Halls.
 21384 | Orc:2    | Noticed Gorice's ghost (journeyman GrWn)
 21414 | Orc:2    | Found Siaff's Armour Shop.
 21676 | Orc:2    | Reached skill level 10 in Armour
 21678 | Orc:2    | Noticed an orc warlord
 21694 | Orc:2    | Killed an orc warlord
 21859 | Orc:2    | Found Jiops's Antique Weapon Shop.
 21860 | Orc:2    | Found a roughly hewn altar of Beogh.
 21861 | Orc:2    | Found Qoacyt's Antique Armour Boutique.
 21874 | Orc:2    | Bought a scorched morningstar for 270 gold pieces
 21880 | Orc:2    | Bought a glowing helmet for 195 gold pieces
 21880 | Orc:2    | Bought a pair of brightly glowing gloves for 247 gold
                  | pieces
 21957 | Orc:2    | Bought a potion of flight for 39 gold pieces
 21957 | Orc:2    | Bought 2 potions of mutation for 208 gold pieces
 21957 | Orc:2    | Bought a scroll of remove curse for 39 gold pieces
 21957 | Orc:2    | Bought a scroll of enchant armour for 97 gold pieces
 21957 | Orc:2    | Bought a scroll of fear for 45 gold pieces
 21992 | Orc:2    | Bought a scroll of identify for 22 gold pieces
 21992 | Orc:2    | Bought a scroll of identify for 22 gold pieces
 21992 | Orc:2    | Bought a potion of heal wounds for 55 gold pieces
 21994 | Orc:2    | Identified the +2 morningstar "Hexaph" {crush, -Tele Str+5}
                  | (You bought it in a shop on level 2 of the Orcish Mines)
 21995 | Orc:2    | Identified the +1 pair of gloves "Oxaoq" {Dex+3} (You
                  | bought it in a shop on level 2 of the Orcish Mines)
 22065 | Orc:2    | Bought the cursed +0 pair of gloves of Zemeac {Str+6
                  | Stlth-} for 295 gold pieces
 22106 | Orc:2    | Killed Gorice's ghost
 22316 | D:12     | Found a blossoming altar of Fedhas.
 22336 | D:12     | Got a faintly humming buckler
 22347 | D:12     | Identified the +2 buckler of Ceess {rF+ rCorr Int-2 Dex+4}
                  | (You acquired it on level 12 of the Dungeon)
 22419 | D:12     | Learned a level 2 spell: Sticks to Snakes
 22950 | D:12     | Killed Ratty's ghost
 23060 | D:13     | Reached skill level 10 in Charms
 23091 | D:13     | Killed Jorgrun
 23509 | D:13     | Reached skill level 10 in Short Blades
 23509 | D:13     | Reached skill level 10 in Long Blades
 23509 | D:13     | Reached skill level 10 in Axes
 23509 | D:13     | Reached skill level 10 in Maces & Flails
 23509 | D:13     | Reached skill level 10 in Staves
 23509 | D:13     | Reached skill level 10 in Slings
 23509 | D:13     | Reached skill level 10 in Bows
 23509 | D:13     | Reached skill level 10 in Crossbows
 23509 | D:13     | Reached skill level 10 in Throwing
 23509 | D:13     | Reached skill level 10 in Stealth
 23509 | D:13     | Reached skill level 10 in Shields
 23509 | D:13     | Reached skill level 10 in Unarmed Combat
 23509 | D:13     | Reached skill level 10 in Evocations
 23514 | D:13     | Found a bloodstained altar of Trog.
 23954 | D:14     | Noticed Azrael
 23968 | D:14     | Killed Azrael
 24246 | D:14     | Reached skill level 11 in Invocations
 24465 | D:14     | Found a gate to the Vaults.
 24624 | D:14     | You fall through a shaft!
 24624 | D:15     | Entered Level 15 of the Dungeon
 24939 | D:15     | Reached XP level 16. HP: 88/125 MP: 29/31
 24951 | D:15     | Found a staircase to the Depths.
 25628 | Lair:1   | Killed Caxzued's ghost
 25651 | Lair:1   | Got a fine golden amulet
 25655 | Lair:1   | Identified the amulet "Ydghurr" {Acrobat rPois rN++ Int+2
                  | Dex+3} (You found it on level 1 of the Lair of Beasts)
 25838 | Lair:4   | Killed Nafrigg's ghost
 25857 | Lair:4   | Identified the Handbook of Lethal Poison
 25871 | Lair:4   | Identified a +0 pair of boots of running (You found it on
                  | level 4 of the Lair of Beasts)
 25979 | Spider:1 | Entered Level 1 of the Spider Nest
 25982 | Spider:1 | Identified the cursed +0 large shield of Xaudin {rElec rC+}
 25982 | Spider:1 | Noticed Louise
 26006 | Spider:1 | Killed Louise
 26407 | Spider:1 | Noticed Agnes
 26415 | Spider:1 | Killed Agnes
 26486 | Spider:1 | Noticed Nikola
 26496 | Spider:1 | Killed Nikola
 26501 | Spider:1 | Noticed Rupert
 26502 | Spider:1 | Paralysed by Rupert for 3 turns
 26529 | Spider:1 | Killed Rupert
 26982 | Spider:2 | Got a slimy ivory amulet
 26993 | Spider:2 | Reached XP level 17. HP: 129/133 MP: 33/33
 27022 | Spider:2 | Identified the amulet "Nykemm" {-Tele *Corrode +Inv Regen+
                  | Dex+4} (You found it on level 2 of the Spider Nest)
 27167 | Spider:2 | Reached skill level 12 in Invocations
 28228 | Spider:4 | Entered Level 4 of the Spider Nest
 28404 | Spider:4 | Found a runed translucent door.
 28405 | Spider:4 | Noticed asdu's ghost (adept OgHu)
 29381 | Spider:4 | Got a gossamer rune of Zot
 29619 | Shoals:1 | Entered Level 1 of the Shoals
 29725 | Shoals:1 | Reached skill level 10 in Conjurations
 29725 | Shoals:1 | Reached skill level 10 in Hexes
 29725 | Shoals:1 | Reached skill level 10 in Summonings
 29725 | Shoals:1 | Reached skill level 10 in Necromancy
 29725 | Shoals:1 | Reached skill level 10 in Translocations
 29725 | Shoals:1 | Reached skill level 10 in Transmutations
 29725 | Shoals:1 | Reached skill level 10 in Fire Magic
 29725 | Shoals:1 | Reached skill level 10 in Ice Magic
 29725 | Shoals:1 | Reached skill level 10 in Air Magic
 29725 | Shoals:1 | Reached skill level 10 in Earth Magic
 29725 | Shoals:1 | Reached skill level 10 in Poison Magic
 29842 | Shoals:1 | Reached XP level 18. HP: 141/141 MP: 23/34
 30363 | Shoals:2 | Noticed Frances
 30373 | Shoals:1 | Killed Frances
 30518 | Shoals:2 | Noticed Ilsuiw
 30551 | Shoals:2 | Killed Ilsuiw
 31348 | Shoals:3 | Reached skill level 13 in Invocations
 31894 | Shoals:4 | Entered Level 4 of the Shoals
 32466 | Shoals:4 | Got a barnacled rune of Zot
 32589 | Shoals:4 | Reached XP level 19. HP: 132/149 MP: 32/36
 33458 | Vaults:1 | Entered Level 1 of the Vaults
 33475 | Vaults:1 | Learned a level 3 spell: Tukima's Dance
 33700 | Vaults:1 | You fall through a shaft!
 34063 | Vaults:1 | Found Gekli's Armour Shoppe.
 34423 | Vaults:1 | Found Vousomya's Antique Armour Shoppe.
 34983 | Vaults:2 | Noticed a Hell Sentinel
 34987 | Vaults:2 | Noticed a Hell Sentinel
 35111 | Vaults:2 | Reached XP level 20. HP: 157/157 MP: 30/37
 35116 | Vaults:2 | Noticed a Tzitzimitl
 35137 | Vaults:2 | Cast into level 2 of the Abyss (a deep elf demonologist)
 35183 | Abyss:2  | Reached skill level 14 in Invocations
 35238 | Abyss:2  | Noticed a bone dragon
 35253 | Abyss:2  | Killed a bone dragon
 35493 | Vaults:2 | Escaped the Abyss
 35933 | Vaults:2 | Found a staircase to the Crypt.
 35976 | Vaults:2 | Learned a level 5 spell: Lee's Rapid Deconstruction
 37131 | Vaults:3 | Identified the +0 plate armour of Bitus {MP+9} (You found
                  | it on level 3 of the Vaults)
 37172 | Vaults:3 | Reached XP level 21. HP: 135/165 MP: 34/39
 37182 | Vaults:3 | Identified the cursed +0 shield of Luffetuo {Dex+3} (You
                  | found it on level 3 of the Vaults)
 37838 | Vaults:3 | Learned a level 5 spell: Silence
 38368 | Vaults:4 | Gained mutation: You are frail. (-10% HP) [a neqoxec]
 38524 | Vaults:4 | Reached skill level 15 in Invocations
 39358 | Vaults:4 | Identified the +6 lajatang of the Head {flame, Str+2} (You
                  | found it on level 4 of the Vaults)
 39519 | Vaults:4 | Identified the +1 pair of gloves of Tenacity {rF+ Str+5}
                  | (You found it on level 4 of the Vaults)
 39925 | Depths:1 | Entered Level 1 of the Depths
 39968 | Depths:1 | Reached XP level 22. HP: 132/155 MP: 40/40
 40204 | Depths:1 | Noticed Sojobo
 40221 | Depths:1 | Killed Sojobo
 40451 | Depths:1 | Reached skill level 15 in Spellcasting
 40470 | Depths:1 | Noticed Aizul
 40480 | Depths:1 | Killed Aizul
 40513 | Depths:1 | Identified the +0 scale mail of Darkness {Str+4 Int+3} (You
                  | found it on level 1 of the Depths)
 40595 | Depths:1 | Found Qaothut's Armour Shoppe.
 40634 | Depths:1 | Found a one-way gate leading to the halls of Pandemonium.
 40773 | Depths:1 | Found a runed translucent gate.
 40773 | Depths:1 | Found a runed translucent gate.
 40773 | Depths:1 | Found a runed translucent gate.
 40912 | Depths:1 | Found a gateway to Hell.
 41089 | Depths:2 | Reached skill level 15 in Fighting
 41089 | Depths:2 | Reached skill level 15 in Polearms
 41089 | Depths:2 | Reached skill level 15 in Dodging
 42058 | Depths:2 | Reached skill level 15 in Throwing
 42479 | Depths:2 | Reached XP level 23. HP: 162/162 MP: 42/42
 42515 | Depths:2 | Identified the +6 glaive "Imp's Undoing" {chop, rF+ MR+
                  | Str+2} (You found it on level 2 of the Depths)
 42587 | Depths:2 | Identified the +5 cloak "Rioseke" {rC+} (You found it on
                  | level 2 of the Depths)
 42708 | Depths:2 | Found a one-way gate to the infinite horrors of the Abyss.
 42759 | Depths:2 | Paralysed by a floating eye for 2 turns
 42774 | Depths:2 | Paralysed by a floating eye for 2 turns
 42843 | Depths:2 | Noticed a golden dragon
 42862 | Depths:2 | Killed a golden dragon
 42980 | Depths:2 | Found the ring of Robustness {AC+8}
 43165 | Depths:3 | Reached skill level 15 in Armour
 43190 | Depths:3 | Noticed Xtahua
 43201 | Depths:3 | Killed Xtahua
 43284 | Depths:3 | Reached skill level 16 in Invocations
 43898 | Depths:3 | Reached skill level 15 in Short Blades
 43898 | Depths:3 | Reached skill level 15 in Long Blades
 43898 | Depths:3 | Reached skill level 15 in Axes
 43898 | Depths:3 | Reached skill level 15 in Maces & Flails
 43898 | Depths:3 | Reached skill level 15 in Staves
 43898 | Depths:3 | Reached skill level 15 in Slings
 43898 | Depths:3 | Reached skill level 15 in Bows
 43898 | Depths:3 | Reached skill level 15 in Crossbows
 43898 | Depths:3 | Reached skill level 15 in Stealth
 43898 | Depths:3 | Reached skill level 15 in Shields
 43898 | Depths:3 | Reached skill level 15 in Unarmed Combat
 43898 | Depths:3 | Reached skill level 15 in Evocations
 45108 | Depths:4 | Found a gateway to a ziggurat.
 45178 | Depths:4 | Reached XP level 24. HP: 170/171 MP: 33/42
 45221 | Depths:4 | Identified the +4 short sword "Dojisich" {freeze, *Drain
                  | rN++}
 45233 | Depths:4 | Found a runed translucent door.
 45447 | Depths:4 | Found Meloekk's Weapon Boutique.
 45783 | Depths:5 | Entered Level 5 of the Depths
 46769 | Depths:5 | Found a shimmering altar of Xom.
 47046 | Depths:1 | Identified the +3 rapier of Glory {distort, *Corrode rPois
                  | MR+ Str+5} (You found it on level 1 of the Depths)
 47321 | Crypt:1  | Entered Level 1 of the Crypt
 49032 | Crypt:2  | Reached skill level 17 in Invocations
 49238 | Crypt:2  | Reached XP level 25. HP: 177/177 MP: 39/43
 49336 | Crypt:2  | Paralysed by a vampire knight for 3 turns
 49367 | Crypt:2  | Noticed Frederick
 49380 | Crypt:2  | Killed Frederick
 49977 | Elf:1    | Entered Level 1 of the Elven Halls
 49998 | Elf:1    | Found a radiant altar of Vehumet.
 50452 | Elf:1    | Gained mutation: You have a pair of small horns on your
                  | head. [a neqoxec]
 50463 | Elf:1    | Cast into level 3 of the Abyss (a deep elf sorcerer)
 50608 | Abyss:3  | Paralysed by accursed screaming for 2 turns
 50615 | Abyss:3  | Paralysed by accursed screaming for 1 turns
 50621 | Abyss:3  | Paralysed by accursed screaming for 1 turns
 50913 | Elf:1    | Escaped the Abyss
 50945 | Elf:1    | Identified the Papyrus of Supportive Conjuration
 51440 | Elf:2    | Found a magical portal.
 51449 | Elf:2    | Lost mutation: You are frail. (-10% HP) [potion of
                  | mutation]
 51449 | Elf:2    | Lost mutation: You have a pair of small horns on your head.
                  | [potion of mutation]
 51449 | Elf:2    | Gained mutation: You are dopey. (Int -2) [potion of
                  | mutation]
 51449 | Elf:2    | Gained mutation: You are partially covered in iridescent
                  | scales. (AC +2) [potion of mutation]
 51449 | Elf:2    | Gained mutation: You are somewhat resistant to further
                  | mutation. [potion of mutation]
 51464 | WizLab   | Entered Wucad Mu's Monastery
 51668 | WizLab   | Found the +9 staff of Wucad Mu {channel}
 51718 | WizLab   | Reached XP level 26. HP: 195/206 MP: 36/43
 51738 | WizLab   | Learned a level 6 spell: Deflect Missiles
 52114 | Elf:2    | Found a huge runed translucent gate.
 52114 | Elf:2    | Found a huge runed translucent gate.
 52114 | Elf:2    | Found a huge runed translucent gate.
 52114 | Elf:2    | Found a huge runed translucent gate.
 52122 | Elf:2    | Found a huge runed translucent gate.
 52484 | Elf:3    | Entered Level 3 of the Elven Halls
 52553 | Elf:3    | Found an ancient bone altar of Kikubaaqudgha.
 53125 | Elf:3    | Reached skill level 15 in Charms
 53142 | Elf:3    | Identified the +1 mace of Laceration {crush, Str-2 Int+7
                  | Stlth+}
 53252 | Elf:3    | Got a bound jade amulet
 53253 | Elf:3    | Identified the amulet "Zomuid" {Inacc rN+ Str-2 Dex+4} (You
                  | found it on level 3 of the Elven Halls)
 53266 | Elf:3    | Got a smoking emerald amulet
 53267 | Elf:3    | Identified the amulet "Mydwe" {rC++ Regen+} (You found it
                  | on level 3 of the Elven Halls)
 53274 | Elf:3    | Identified the +1 pair of gloves of Springtime {rC- Str+8
                  | Int-5 Slay+4} (You found it on level 3 of the Elven Halls)
 53315 | Elf:3    | Identified the ring "Aptizoni" {*Corrode MR- MP+9 Str+2
                  | Int+9} (You found it on level 3 of the Elven Halls)
 53331 | Elf:3    | Identified the +9 long sword of the Coin {slice, rF- Str+3
                  | Int+2}
 53331 | Elf:3    | Identified the ring of Maderph {rF+ Dex+2 SInv}
 53333 | Elf:3    | Reached XP level 27. HP: 213/213 MP: 35/44
 53384 | Elf:3    | Identified the +5 pair of gloves of a Gauntlet {Dex+3} (You
                  | found it on level 3 of the Elven Halls)
 53505 | Elf:3    | Learned a level 6 spell: Freezing Cloud
 54560 | Vaults:5 | Entered Level 5 of the Vaults
 54674 | Vaults:5 | Identified the cursed +0 helmet "Vouvvif" {+Fly} (You found
                  | it on level 5 of the Vaults)
 54683 | Vaults:5 | Got a silver rune of Zot
 54709 | Vaults:5 | Learned a level 4 spell: Summon Lightning Spire
 54738 | Vaults:5 | Noticed an ancient lich
 54767 | Vaults:5 | Killed an ancient lich
 54788 | Vaults:5 | Noticed Margery
 54800 | Vaults:5 | Killed Margery
 54800 | Vaults:5 | Reached skill level 18 in Invocations
 55383 | Vaults:5 | Identified the cursed +1 spear of Inadd {pierce, Str-3
                  | Int+5 Dex+4}
 56095 | Vaults:5 | Noticed Saint Roka
 56106 | Vaults:5 | Killed Saint Roka
 56278 | Vaults:5 | Found Xiweeqin's General Store.
 56282 | Vaults:5 | Noticed an ancient lich
 56299 | Vaults:5 | Killed an ancient lich
 56470 | Vaults:5 | Bought a scroll of magic mapping for 66 gold pieces
 56477 | Vaults:5 | Found Hiddyon's Jewellery Shoppe.
 56606 | Vaults:5 | Found Zoniy's Distillery.
 56610 | Vaults:5 | Bought a potion of heal wounds for 105 gold pieces
 56610 | Vaults:5 | Bought 2 potions of heal wounds for 210 gold pieces
 56610 | Vaults:5 | Bought a potion of mutation for 168 gold pieces
 56610 | Vaults:5 | Bought a potion of ambrosia for 168 gold pieces
 56610 | Vaults:5 | Bought a potion of might for 84 gold pieces
 56610 | Vaults:5 | Bought a potion of resistance for 210 gold pieces
 56610 | Vaults:5 | Bought a potion of ambrosia for 168 gold pieces
 56610 | Vaults:5 | Bought 2 potions of agility for 168 gold pieces
 56613 | Vaults:5 | Found Ucou's Jewellery Boutique.
 56951 | Vaults:5 | Bought a scroll of teleportation for 57 gold pieces
 56951 | Vaults:5 | Bought a scroll of identify for 38 gold pieces
 56951 | Vaults:5 | Bought a potion of ambrosia for 152 gold pieces
 57105 | Crypt:3  | Entered Level 3 of the Crypt
 57187 | Crypt:3  | Reached skill level 15 in Conjurations
 57187 | Crypt:3  | Reached skill level 15 in Hexes
 57187 | Crypt:3  | Reached skill level 15 in Summonings
 57187 | Crypt:3  | Reached skill level 15 in Necromancy
 57187 | Crypt:3  | Reached skill level 15 in Translocations
 57187 | Crypt:3  | Reached skill level 15 in Transmutations
 57187 | Crypt:3  | Reached skill level 15 in Fire Magic
 57187 | Crypt:3  | Reached skill level 15 in Ice Magic
 57187 | Crypt:3  | Reached skill level 15 in Air Magic
 57187 | Crypt:3  | Reached skill level 15 in Earth Magic
 57187 | Crypt:3  | Reached skill level 15 in Poison Magic
 57460 | Crypt:3  | Noticed an ancient lich
 57992 | Crypt:3  | Found a staircase to the Tomb.
 58791 | Crypt:3  | Noticed an ancient lich
 58806 | Crypt:3  | Killed an ancient lich
 58993 | Crypt:3  | Identified the +3 ring mail of the Apprentice {+Blink +Fly
                  | rN+ Str-5} (You found it on level 3 of the Crypt)
 59325 | Crypt:3  | Identified the +2 robe of Music {rPois Str+4 Int-2 Dex+2}
                  | (You found it on level 3 of the Crypt)
 59330 | Crypt:3  | Identified the +5 ring mail of the Cicada {MR+ Int+6
                  | Stlth-} (You found it on level 3 of the Crypt)
 59348 | Crypt:3  | Identified the ring of Leaves {rN+ Stlth+} (You found it on
                  | level 3 of the Crypt)
 59367 | Crypt:3  | Identified the ring of Xom's Recklessness {*Slow rC- rN+
                  | Int+8 SInv} (You found it on level 3 of the Crypt)
 59766 | Depths:4 | Reached skill level 19 in Invocations
 59900 | Depths:5 | Found a gate to the Realm of Zot.
 60088 | Zot:1    | Entered Level 1 of the Realm of Zot
 62093 | Zot:3    | You fall through a shaft!
 63059 | Zot:4    | Found a runed translucent gate.
 63060 | Zot:4    | Found a runed translucent gate.
 63070 | Zot:4    | Found a runed translucent gate.
 63072 | Zot:4    | Noticed prestonbroadus's ghost (legendary DgWn)
 63072 | Zot:4    | Noticed Giripsow's ghost (master MiBe)
 63073 | Zot:4    | Noticed Gatz's ghost (legendary NaBe)
 63073 | Zot:4    | Noticed Wapis's ghost (legendary GnAs)
 63073 | Zot:4    | Noticed Axiujuom's ghost (master SpCK)
 63691 | Zot:5    | Entered Level 5 of the Realm of Zot
 64694 | Slime:1  | Entered Level 1 of the Pits of Slime
 64959 | Slime:2  | Reached skill level 20 in Invocations
 65046 | Slime:3  | You fall through a shaft!
 65048 | Slime:4  | Gained mutation: You occasionally shout uncontrollably at
                  | your foes. [a shining eye]
 65050 | Slime:4  | Lost mutation: You are somewhat resistant to further
                  | mutation. [potion of mutation]
 65050 | Slime:4  | Lost mutation: You occasionally shout uncontrollably at
                  | your foes. [potion of mutation]
 65050 | Slime:4  | Gained mutation: You have a pair of small horns on your
                  | head. [potion of mutation]
 65050 | Slime:4  | Gained mutation: You can translocate small distances at
                  | will. [potion of mutation]
 65296 | Slime:3  | Paralysed by a great orb of eyes for 4 turns
 65313 | Slime:3  | Noticed Dissolution
 65325 | Slime:3  | Killed Dissolution
 65543 | Slime:5  | Entered Level 5 of the Pits of Slime
 65763 | Slime:5  | Paralysed by a great orb of eyes for 5 turns
 66033 | Slime:5  | Found a viscous altar of Jiyva.
 66034 | Slime:5  | Noticed the Royal Jelly
 66063 | Slime:5  | Killed the Royal Jelly
 66178 | Slime:5  | Identified Sif Muna's Compendium of Calling
 66257 | Slime:5  | Found the +8 arc blade {discharge, rElec}
 66264 | Slime:5  | Got a slimy rune of Zot
 66845 | Depths:5 | Voluntarily entered the Abyss.
 67138 | Abyss:3  | Got an abyssal rune of Zot
 67148 | Depths:5 | Escaped the Abyss
 67213 | Depths:4 | Bought a +0 great mace of holy wrath for 178 gold pieces
 67810 | Depths:4 | Learned a level 8 spell: Borgnjor's Revivification
 68016 | Depths:4 | Learned a level 6 spell: Statue Form
 68151 | Hell     | Entered the Vestibule of Hell
 68151 | Hell     | Noticed Geryon
 68158 | Hell     | Noticed Murray
 68252 | Depths:4 | Killed Murray
 68449 | Hell     | HP: 4/222 [hell beast[Geryon] (13)]
 68450 | Hell     | Killed by miscasting Borgnjor's Revivification

Levels and vault maps discovered:
D:1:      wheals_arrival_shading, layout_loops_corners, ashenzari_altar_1
D:2:      layout_rooms, zin_treasury, minivault_5, uniq_terence
D:3:      layout_basic, uniq_natasha, uniq_sigmund
D:4:      layout_loops_ring, gammafunk_ghost_arena, uniq_robin
D:5:      layout_basic, first_ration, uniq_duvessa, uniq_eustachio
D:6:      minmay_flawed_box, layout_basic, serial_shops, nicolae_shop_stone,
          enter_ossuary_5
D:7:      layout_gridville, minmay_temple_entry_statues_fountains,
          serial_co_window_serial, co_window_corner_a,
          co_window_of_opportunity_a, co_window_corner_a, co_window_corner_a,
          co_window_corner_a, co_window_paths_a, co_window_paths_a,
          co_window_corner_a, co_window_corner_a, co_window_paths_c,
          co_window_corner_cb, co_window_2corner, co_window_paths_e,
          glass_columns_c, uniq_menkaure, uniq_prince_ribbit1
D:8:      layout_basic
D:9:      layout_basic, lair_entry_dummy
D:10:     layout_layer_cave, grunt_tengu_nest
D:11:     layout_irregular_city
D:12:     layout_gridville, ebering_ghost_disaster_area,
          fedhas_bush_and_centaur_altar
D:13:     layout_basic, enter_bailey_2, serial_ice, serial_ice_c, serial_ice_h,
          serial_ice_e, serial_ice_l, serial_ice_o, serial_ice_m, serial_ice_a,
          portal_ice_cave_entry_pillars_2, trog_ov_bears_minmay, uniq_jorgrun
D:14:     layout_long_grid, david_vaults_4, uniq_azrael
D:15:     gammafunk_depths_entry_grave, layout_long_grid
Temple:   kilobyte_greek_temple
Lair:1:   layout_cave_pods, maelrawn_ghost_gauntlet_escape,
          nicolae_quartered_pool_super, uniq_harold
Lair:2:   layout_chaotic_city, spider_nest_entry_funnel_web, st_stairs_8,
          beast_lair_carwin_4, infiniplex_staircase_pool, lemuel_fruit_tree,
          grunt_megastairs_1, serial_bayou_shore_b
Lair:3:   layout_cave_pods, shoals_dummy_entry,
          eino_small_chamber_without_monster, grunt_forest_large_clearings,
          uniq_nergalle
Lair:4:   layout_cave_pods, gammafunk_ghost_berserking_beasts
Lair:5:   lemuel_slime, layout_layer_cave, minmay_slime_entry_jelly_boxes,
          lightli_volcano_entry_magma_tube, lemuel_fruit_fields
Lair:6:   due_jungle_book, layout_regular_city
Shoals:1: layout_shoals
Shoals:2: layout_shoals, uniq_frances, uniq_ilsuiw
Shoals:3: layout_shoals
Shoals:4: shoals_end_hangedman, layout_shoals
Spider:1: nicolae_spider_hall_of_the_moth_king, uniq_nikola, uniq_agnes,
          uniq_louise, uniq_rupert
Spider:2: layout_spider_delve
Spider:3: layout_spider_delve, nicolae_spider_circle_web, drop_trap
Spider:4: grunt_spider_rune_circles, ebering_ghost_inner_flame
Slime:1:  layout_caves, basic_altar
Slime:2:  layout_caves, nicolae_slime_barrier
Slime:3:  layout_caves, basic_altar, uniq_dissolution
Slime:4:  layout_caves
Slime:5
Orc:1:    layout_diamond_mine, serial_shops, shop
Orc:2:    grunt_orc_community_town_hall, layout_caves,
          grunt_orc_community_big_house_1, grunt_orc_community_big_house_1,
          grunt_orc_community_house_1, grunt_orc_community_house_1,
          grunt_orc_community_house_2, grunt_orc_community_house_2,
          grunt_orc_community_house_1, grunt_orc_community_house_3,
          ebering_ghost_disaster_area, serial_shops, shop
Elf:1:    eino_elf_arrival_altar, layout_gridlike, minmay_elf_sorcery
Elf:2:    layout_loops_cross, mu_enter_wizlab_6, serial_sigils,
          serial_sigils_hangedman_leer, serial_sigils_hangedman_clutch,
          serial_sigils_hangedman_snap, minmay_crystal_room
Elf:3:    minmay_elf_hall_quartered_circle, layout_loops_cross, basic_altar,
          hangedman_corner_corridor
Vaults:1: vaults_dpeg_cross, v_misc_22, nicolae_vaults_alarming,
          nicolae_vaults_network_barrier, serial_ice_g, hangedman_vaults_maws,
          v_pattern_5, ontoclasm_vaults_misaligned, v_misc_2,
          dpeg_vaults_monster_box, ontoclasm_vaults_decontamination,
          layout_vaults_maze_bifur, serial_shops,
          nicolae_shop_overgrown_old_shop
Vaults:2: minmay_crypt_entry_simple_statues, vaults_room_boxed,
          nicolae_vaults_back_hallway, nicolae_vaults_c_with_doors,
          vaults_mumra_minichess, v_pattern_4, nicolae_vaults_theta, v_misc_9,
          nicolae_vaults_network_quincunx
          [nicolae_vaults_network_quincunx_subvault,
          nicolae_vaults_network_quincunx_subvault,
          nicolae_vaults_network_quincunx_subvault,
          nicolae_vaults_network_quincunx_subvault,
          nicolae_vaults_network_quincunx_subvault], hangedman_vaults_nodes,
          vaults_dpeg_ring, ontoclasm_vaults_ring_square,
          nicolae_vaults_diagonal_hallway_6, vaults_dpeg_diagonal,
          layout_vaults_omnibox
Vaults:3: v_misc_4, v_misc_19, vaults_room_hallway, st_octagons_1,
          nicolae_vaults_border_crossing, vaults_room_ringed_pool,
          grunt_vaults_funnel, vaults_mumra_chevron_long,
          nicolae_vaults_little_squares_6, ontoclasm_vaults_gateway,
          layout_vaults_omnicross
Vaults:4: nicolae_vaults_yaktaur_gun_rack, vaults_room_semicircle,
          nicolae_vaults_big_angled_halls, v_misc_17, dpeg_vaults_waves,
          vaults_standard_mumra_lines, ontoclasm_vaults_misaligned,
          hangedman_vaults_trim, hangedman_vaults_slither, ontoclasm_vaults_eye,
          layout_vaults_big_room
Vaults:5: uniq_margery, uniq_saint_roka
Crypt:1:  layout_catacombs, grunt_crypt_arrival_split
Crypt:2:  layout_regular_city, nicolae_crypt_niches, uniq_frederick
Crypt:3:  due_elkab, layout_chaotic_city, nicolae_tomb_entry_grand_gallery
Depths:1: layout_roguey, pan_entry, chequers_serial_rivers_large_a,
          lightli_too_deep, serial_shops, shop, grunt_decor_mini_mirrors,
          pandoras_box_mu, uniq_aizul, uniq_sojobo
Depths:2: little_maze_vault, layout_honeycomb, abyss_entry, pan_entry,
          hell_entry, drop_trap, nicolae_lava_and_water,
          infiniplex_staircase_pool_2
Depths:3: lemuel_troll_bridge, layout_basic, pan_entry, hell_entry,
          infiniplex_staircase_trident, grunt_megastairs_2, uniq_xtahua
Depths:4: minmay_the_grid_triangle_9x9_recursive_2_mashed
          [minmay_the_grid_triangle_9x9_prize_insulated,
          minmay_the_grid_triangle_9x9_subtriangle,
          minmay_the_grid_triangle_9x9_empty,
          minmay_the_grid_triangle_9x9_longest], layout_basic, enter_ziggurat_e,
          serial_shops, shop, kennysheep_cluttered_room,
          pf_hell_entry_tar_spiral, pan_entry, minmay_room_of_horrors
Depths:5: evilmike_zot_entry_round, layout_gridlike, serial_bayou_shore_b,
          grunt_hell_entry_dis_old, abyss_entry_small_statue_room,
          skrybe_limestone_x, hex_medium, xom_teletrap_fun
Hell
Zot:1:    layout_gridlike
Zot:2:    kennysheep_bubbly, layout_twisted_circle
Zot:3:    layout_onion_interference
Zot:4:    layout_gridlike, gammafunk_ghost_cemetery
Zot:5:    layout_gridlike, hangedman_zot_decor_unnerving_road
Abyss:1
Abyss:2
Abyss:3:  evilmike_abyss_exit_mutagenic
Ossuary:  ossuary_minmay_scorpions
Volcano:  volcano_lake [vl_original]
WizLab:   wizlab_wucad

Skill      XL: |  1  2  3  4  5  6  7  8  9 10 11 12 13 14 15 16 17 18 19 20 21 22 23 24 25 26 27 |
---------------+----------------------------------------------------------------------------------+-----
Spellcasting   | 5 6 7 8 9 10 11 12 13 14 15 16 17 19 | 19.5
Invocations    | 1 2 3 4 5 6 7 8 9 10 11 12 13 14 15 16 17 20 | 20.4
Short Blades   | 1 2 3 4 5 6 7 8 9 10 11 12 13 14 15 16 19 | 19.0
Long Blades    | 1 2 3 4 5 6 7 8 9 10 11 12 13 14 15 16 19 | 19.0
Axes           | 1 2 3 4 5 6 7 8 9 10 11 12 13 14 15 16 19 | 19.0
Maces & Flails | 1 2 3 4 5 6 7 8 9 10 11 12 13 14 15 16 19 | 19.0
Staves         | 1 2 3 4 5 6 7 8 9 10 11 12 13 14 15 16 19 | 19.0
Slings         | 1 2 3 4 5 6 7 8 9 10 11 12 13 14 15 16 19 | 19.0
Bows           | 1 2 3 4 5 6 7 8 9 10 11 12 13 14 15 16 19 | 19.0
Crossbows      | 1 2 3 4 5 6 7 8 9 10 11 12 13 14 15 16 19 | 19.0
Throwing       | 1 2 3 4 5 6 7 8 9 10 11 12 13 14 15 16 19 | 19.3
Stealth        | 1 2 3 4 5 6 7 8 9 10 11 12 13 14 15 16 19 | 19.0
Shields        | 1 2 3 4 5 6 7 8 9 10 11 12 13 14 15 16 19 | 19.0
Unarmed Combat | 1 2 3 4 5 6 7 8 9 10 11 12 13 14 15 16 19 | 19.0
Evocations     | 1 2 3 4 5 6 7 8 9 10 11 12 13 14 15 16 19 | 19.0
Conjurations   | 1 2 3 4 5 6 7 8 9 10 11 12 13 14 16 | 16.4
Hexes          | 1 2 3 4 5 6 7 8 9 10 11 12 13 14 16 | 16.4
Summonings     | 1 2 3 4 5 6 7 8 9 10 11 12 13 14 16 | 16.4
Necromancy     | 1 2 3 4 5 6 7 8 9 10 11 12 13 14 16 | 16.4
Translocations | 1 2 3 4 5 6 7 8 9 10 11 12 13 14 16 | 16.4
Transmutations | 1 2 3 4 5 6 7 8 9 10 11 12 13 14 16 | 16.4
Fire Magic     | 1 2 3 4 5 6 7 8 9 10 11 12 13 14 16 | 16.4
Ice Magic      | 1 2 3 4 5 6 7 8 9 10 11 12 13 14 16 | 16.4
Air Magic      | 1 2 3 4 5 6 7 8 9 10 11 12 13 14 16 | 16.4
Earth Magic    | 1 2 3 4 5 6 7 8 9 10 11 12 13 14 16 | 16.4
Poison Magic   | 1 2 3 4 5 6 7 8 9 10 11 12 13 14 16 | 16.4
Armour         | 3 4 5 6 7 8 9 10 11 12 13 14 15 16 19 | 19.2
Fighting       | 5 6 7 8 9 10 11 12 13 14 15 16 19 | 19.4
Polearms       | 5 6 7 8 9 10 11 12 13 14 15 16 19 | 19.4
Dodging        | 5 6 7 8 9 10 11 12 13 14 15 16 19 | 19.4
Charms         | 6 7 8 9 10 11 12 13 14 15 17 | 17.1

Action                   |  1- 3 |  4- 6 |  7- 9 | 10-12 | 13-15 | 16-18 | 19-21 | 22-24 | 25-27 || total
-------------------------+-------+-------+-------+-------+-------+-------+-------+-------+-------++-------
Melee: Spear             |   107 |    97 |   354 |   776 |   279 |       |       |       |       ||  1613
       Bite              |    10 |     2 |    37 |   132 |   280 |   180 |   272 |   332 |   557 ||  1802
       Punch             |     1 |       |     4 |    28 |       |       |       |       |       ||    33
       Unarmed           |       |     4 |       |       |       |       |       |       |       ||     4
       Falchion          |       |       |    29 |       |       |       |       |       |       ||    29
       Dagger            |       |       |       |     2 |       |       |       |       |       ||     2
       War axe           |       |       |       |       |   136 |       |       |       |       ||   136
       Broad axe         |       |       |       |       |   801 |   503 |       |       |       ||  1304
       Demon trident     |       |       |       |       |       |   598 |  1291 |  1469 |  2887 ||  6245
       Headbutt          |       |       |       |       |       |       |       |       |   217 ||   217
       Great mace        |       |       |       |       |       |       |       |       |    55 ||    55
Throw: Stone             |       |       |     1 |     6 |       |       |       |       |       ||     7
       Tomahawk          |       |       |       |     2 |     4 |       |       |       |       ||     6
       Javelin           |       |       |       |       |       |       |       |     1 |       ||     1
 Cast: Infusion          |     4 |     7 |    18 |    16 |    12 |    25 |    22 |    19 |    17 ||   140
       Spectral Weapon   |     1 |     6 |    22 |    53 |    32 |    65 |    79 |    71 |   147 ||   476
       Song of Slaying   |     1 |     5 |     9 |     6 |     8 |     5 |    16 |     6 |     2 ||    58
       Shroud of Golubri |       |     3 |    12 |    33 |    12 |    14 |    34 |    20 |    65 ||   193
       Regeneration      |       |       |     1 |     1 |    21 |    26 |    24 |    25 |    43 ||   141
       Apportation       |       |       |       |     1 |       |       |       |       |     3 ||     4
       Borgnjor's Vile C |       |       |       |       |     2 |    33 |     7 |    13 |    19 ||    74
       Lightning Bolt    |       |       |       |       |     2 |    18 |       |     5 |     9 ||    34
       Animate Skeleton  |       |       |       |       |     2 |       |       |       |       ||     2
       Summon Butterflie |       |       |       |       |     1 |       |     5 |       |       ||     6
       Sticks to Snakes  |       |       |       |       |       |    10 |     2 |       |     1 ||    13
       Confusing Touch   |       |       |       |       |       |     1 |       |     1 |       ||     2
       Lee's Rapid Decon |       |       |       |       |       |       |     3 |    18 |    76 ||    97
       Irradiate         |       |       |       |       |       |       |       |     2 |       ||     2
       Silence           |       |       |       |       |       |       |       |     5 |     6 ||    11
       Freezing Cloud    |       |       |       |       |       |       |       |       |    31 ||    31
       Deflect Missiles  |       |       |       |       |       |       |       |       |     5 ||     5
       Summon Lightning  |       |       |       |       |       |       |       |       |     2 ||     2
Invok: Slouch            |       |       |       |     1 |       |     2 |       |       |     1 ||     4
       Temporal Distorti |       |       |       |     1 |       |       |       |       |       ||     1
Evoke: Wand              |       |       |       |     8 |     6 |     5 |       |       |     2 ||    21
       Box of beasts     |       |       |       |       |     2 |       |       |       |       ||     2
       Phial of floods   |       |       |       |       |       |       |       |     1 |     1 ||     2
  Use: Scroll            |     1 |     2 |     7 |    11 |    19 |    13 |     7 |    16 |    37 ||   113
       Potion            |       |       |       |     2 |     3 |     6 |       |     6 |    10 ||    27
 Stab: Sleeping          |     1 |     1 |    12 |    25 |     9 |       |     3 |     8 |    43 ||   102
       Distracted        |       |       |     2 |    18 |    13 |    23 |    40 |    41 |    89 ||   226
       Confused          |       |       |       |       |       |     8 |       |     1 |       ||     9
       Petrifying        |       |       |       |       |       |       |       |       |     3 ||     3
       Invisible         |       |       |       |       |       |       |       |       |     2 ||     2
  Eat: Chunk             |       |     4 |    13 |    15 |    21 |    18 |    14 |    14 |    19 ||   118
       Ration            |       |       |       |       |     1 |       |     1 |     2 |     6 ||    10
Armor: Leather armour    |    14 |    13 |    65 |    99 |       |       |       |       |       ||   191
       Troll leather arm |       |       |       |    22 |    58 |       |       |       |       ||    80
       Plate armour      |       |       |       |       |   417 |   515 |   182 |   207 |   514 ||  1835
       Ring mail         |       |       |       |       |     8 |       |       |       |       ||     8
Dodge: Dodged            |    59 |    45 |   170 |   332 |   929 |  1177 |   502 |   569 |  1648 ||  5431
       Deflected         |       |       |       |       |       |       |       |       |    44 ||    44
Block: Buckler           |       |       |       |    22 |   621 |   856 |   258 |       |       ||  1757
       Shield            |       |       |       |       |       |       |   224 |   653 |  1390 ||  2267
       Rpst.: Falchion   |       |       |     7 |       |       |       |       |       |       ||     7

Table legend:
 A = Non-vault XP
 B = Vault XP
 C = Vault XP percentage of total XP
 D = Non-vault monster count
 E = Vault monster count
 F = Vault count percentage of total count
                 A         B        C        D         E       F
            +---------+---------+-------+---------+---------+-------
      Total | 1089928 |  772069 |  41.5 |    1965 |     967 |  33.0
            +---------+---------+-------+---------+---------+-------
        D:1 |      70 |       0 |   0.0 |      27 |       0 |   0.0
        D:2 |     246 |      36 |  12.8 |      33 |       1 |   2.9
        D:3 |     110 |     258 |  70.1 |      22 |       2 |   8.3
        D:4 |     433 |     568 |  56.7 |      11 |      15 |  57.7
        D:5 |     460 |     428 |  48.2 |      19 |       3 |  13.6
        D:6 |     689 |     231 |  25.1 |      14 |       6 |  30.0
        D:7 |    1286 |     431 |  25.1 |      30 |       2 |   6.2
        D:8 |     353 |       0 |   0.0 |      16 |       0 |   0.0
        D:9 |    2521 |       0 |   0.0 |      14 |       0 |   0.0
       D:10 |    3720 |     873 |  19.0 |      34 |       1 |   2.9
       D:11 |    4206 |       0 |   0.0 |      28 |       0 |   0.0
       D:12 |    6965 |    1729 |  19.9 |      38 |       2 |   5.0
       D:13 |    9659 |    3762 |  28.0 |      53 |      14 |  20.9
       D:14 |    5915 |    5008 |  45.8 |      18 |      12 |  40.0
       D:15 |   11648 |    4919 |  29.7 |      27 |       8 |  22.9
     Lair:1 |    1684 |    3584 |  68.0 |       8 |       5 |  38.5
     Lair:2 |    4258 |    2929 |  40.8 |      23 |      10 |  30.3
     Lair:3 |    9901 |    4476 |  31.1 |      34 |      29 |  46.0
     Lair:4 |    4454 |    3940 |  46.9 |      22 |       8 |  26.7
     Lair:5 |    2861 |    1459 |  33.8 |       6 |      37 |  86.0
     Lair:6 |   15804 |    2772 |  14.9 |      41 |       5 |  10.9
   Shoals:1 |   14505 |    2201 |  13.2 |      27 |       1 |   3.6
   Shoals:2 |   15953 |    2995 |  15.8 |      37 |       5 |  11.9
   Shoals:3 |   18019 |       0 |   0.0 |      34 |       0 |   0.0
   Shoals:4 |   16253 |   19696 |  54.8 |      41 |      34 |  45.3
   Spider:1 |   17676 |   17921 |  50.3 |      54 |      18 |  25.0
   Spider:2 |   10884 |       0 |   0.0 |      19 |       0 |   0.0
   Spider:3 |   16557 |       0 |   0.0 |      46 |       0 |   0.0
   Spider:4 |    6611 |   24791 |  78.9 |      23 |      39 |  62.9
    Slime:1 |    9214 |       0 |   0.0 |      18 |       0 |   0.0
    Slime:2 |   18837 |       0 |   0.0 |      22 |       0 |   0.0
    Slime:3 |   12041 |   13154 |  52.2 |      21 |       1 |   4.5
    Slime:4 |   13969 |       0 |   0.0 |      32 |       0 |   0.0
    Slime:5 |   21349 |   30773 |  59.0 |      40 |      11 |  21.6
      Orc:1 |    2455 |       0 |   0.0 |      18 |       0 |   0.0
      Orc:2 |    2461 |    8947 |  78.4 |      48 |      73 |  60.3
      Elf:1 |   12809 |   10249 |  44.4 |      24 |      17 |  41.5
      Elf:2 |   10072 |   21861 |  68.5 |      14 |      28 |  66.7
      Elf:3 |   19461 |   49471 |  71.8 |      33 |      39 |  54.2
   Vaults:1 |   14108 |   18394 |  56.6 |      30 |      24 |  44.4
   Vaults:2 |   42535 |   44772 |  51.3 |      58 |      60 |  50.8
   Vaults:3 |   27346 |   27008 |  49.7 |      39 |      38 |  49.4
   Vaults:4 |   37333 |   36871 |  49.7 |      57 |      36 |  38.7
   Vaults:5 |   40683 |  170531 |  80.7 |      57 |     124 |  68.5
    Crypt:1 |   35231 |       0 |   0.0 |      48 |       0 |   0.0
    Crypt:2 |   45589 |    5501 |  10.8 |      59 |       1 |   1.7
    Crypt:3 |   26240 |   51489 |  66.2 |      34 |      70 |  67.3
   Depths:1 |   43764 |   22807 |  34.3 |      64 |      27 |  29.7
   Depths:2 |   34261 |   44553 |  56.5 |      59 |      31 |  34.4
   Depths:3 |   49651 |   21628 |  30.3 |      54 |      19 |  26.0
   Depths:4 |   53124 |   23755 |  30.9 |      63 |      28 |  30.8
   Depths:5 |   25822 |   20253 |  44.0 |      27 |      12 |  30.8
       Hell |    5033 |     189 |   3.6 |       8 |       1 |  11.1
      Zot:1 |   69201 |       0 |   0.0 |      43 |       0 |   0.0
      Zot:2 |   62478 |   24357 |  28.0 |      32 |      12 |  27.3
      Zot:3 |   15082 |       0 |   0.0 |      10 |       0 |   0.0
      Zot:4 |   45392 |       0 |   0.0 |      26 |       0 |   0.0
      Zot:5 |   30649 |       0 |   0.0 |      16 |       0 |   0.0
    Abyss:1 |    1557 |       0 |   0.0 |       2 |       0 |   0.0
    Abyss:2 |   17099 |       0 |   0.0 |      31 |       0 |   0.0
    Abyss:3 |   41381 |   12751 |  23.6 |      79 |      13 |  14.1
    Ossuary |       0 |     839 | 100.0 |       0 |      26 | 100.0
    Volcano |       0 |    5721 | 100.0 |       0 |      18 | 100.0
     WizLab |       0 |    1188 | 100.0 |       0 |       1 | 100.0
            +---------+---------+-------+---------+---------+-------
